 Dungeon Crawl Stone Soup version 0.20-a0-1116-gaa52201 (webtiles) character file.

134 Firecrotchwizard the Spear-Bearer (level 5, -1/38 HPs)
             Began as a Merfolk Gladiator on May 7, 2017.
             Slain by Grinder (4 damage)
             ... while paralysed by Grinder
             ... on level 3 of the Dungeon.
             The game lasted 00:04:17 (1815 turns).

Firecrotchwizard the Spear-Bearer (MfGl)            Turns: 1815, Time: 00:04:18

Health: -1/38      AC: 13    Str: 14    XL:     5   Next: 17%
Magic:  5/5        EV:  2    Int:  8    God:
Gold:   92         SH:  0    Dex: 16    Spells: 4/4 levels left

rFire    . . .     SeeInvis .   a - +0 trident
rCold    . . .     Gourm    .   (no shield)
rNeg     + . .     Faith    .   m - +4 chain mail {rN+}
rPois    .         Spirit   .   c - +0 helmet
rElec    .         Reflect  .   (no cloak)
rCorr    .         Harm     .   (no gloves)
MR       .....                  (no boots)
Stlth    ..........             (no amulet)
Regen    0.2/turn               (no ring)
MPRegen  0.1/turn               (no ring)

@: paralysed
A: change form in water, swift swim, stealthy swim
a: no special abilities


You were on level 3 of the Dungeon.
You were not hungry.

You visited 1 branch of the dungeon, and saw 3 of its levels.

You collected 92 gold pieces.

Inventory:

Hand Weapons
 a - a +0 trident (weapon)
 q - a +0 whip of draining
   (You found it on level 2 of the Dungeon)
Missiles
 d - 3 throwing nets {=f, !d}
 k - 8 curare-tipped needles
Armour
 b - a +0 leather armour
 c - a +0 helmet (worn)
 e - a +0 chain mail of fire resistance
   (You found it on level 1 of the Dungeon)
 m - a +4 chain mail of positive energy (worn)
   (You took it off Terence on level 2 of the Dungeon)
Scrolls
 h - 2 scrolls of teleportation {unknown}
 l - a scroll of remove curse {unknown}
 o - a scroll of amnesia {unknown}
Potions
 n - a potion of curing {unknown}
 r - 2 potions of flight {unknown}
Comestibles
 f - 3 bread rations {@e1}
 g - 6 chunks of flesh {@w0}
 i - a meat ration {@e2}
 j - a royal jelly
 p - a fruit


   Skills:
 - Level 2.1 Fighting
 + Level 8.2 Polearms
 - Level 2.0 Throwing
 - Level 4.0 Dodging


You had 4 spell levels left.
You didn't know any spells.

Dungeon Overview and Level Annotations

Branches:
Dungeon (3/15)

Altars:

Annotations:
D:3 Grinder


Message History

The jackal bites you but does no damage.
You puncture the jackal!
You kill the jackal!
You miss the jackal.
The jackal bites you but does no damage. x2
You closely miss the jackal.
The jackal bites you but does no damage.
Your chain mail prevents you from hitting the jackal.
The jackal barely misses you.
You puncture the jackal!
You kill the jackal!
You closely miss the jackal. The jackal completely misses you.
Your chain mail prevents you from hitting the jackal.
The jackal bites you but does no damage.
You puncture the jackal!
You kill the jackal!
No target in view!
You butcher the jackal corpse.
g - 5 chunks of flesh {@w0} (gained 3)
You butcher the jackal corpse.
g - 6 chunks of flesh {@w0} (gained 1)
You see here a jackal skeleton. x2
You now have 92 gold pieces (gained 13).
Grinder comes into view.
Grinder shouts!
Grinder says, "Tell me all your secrets, or I'll kill you."
Grinder blinks!
Grinder says, "FISH!"
Grinder gestures at you.
You suddenly lose the ability to move!
Grinder hits you but does no damage. x2
Grinder completely misses you.
You can move again.
You hit Grinder. Grinder hits you but does no damage.
You hit Grinder. Grinder barely misses you.
You barely miss Grinder. Grinder hits you but does no damage.
You hit Grinder but do no damage. Grinder barely misses you.
Your chain mail prevents you from hitting Grinder.
Grinder blinks!
You hit Grinder. Grinder hits you.
You take 5 damage, and have 33/38 hp.
You closely miss Grinder. You hit Grinder. Grinder closely misses you.
You hit Grinder. Grinder completely misses you.
You hit Grinder but do no damage. Grinder hits you but does no damage.
You hit Grinder. Grinder hits you!
You writhe in agony.
You take 9 damage, and have 24/38 hp.
MASSIVE DAMAGE!!
You barely miss Grinder. Grinder gestures at you.
You barely resist. You hit Grinder but do no damage.
Grinder says, "Just stop there for a second..."
Grinder gestures at you.
You suddenly lose the ability to move!
Grinder hits you.
You writhe in agony.
Grinder gestures at you. Pain shoots through your body!
Grinder hits you but does no damage.
You can move again.
You take 10 damage, and have 14/38 hp.
MASSIVE DAMAGE!!
You are too injured to fight recklessly!
Unknown command.
You are too injured to fight recklessly!
You are too injured to fight recklessly!
You are too injured to fight recklessly!
You are too injured to fight recklessly!
Attack whom?
Aim: Grinder (heavily wounded)
You hit Grinder. Grinder hits you but does no damage.
Attack whom?
Aim: Grinder (severely wounded)
You barely miss Grinder.
Attack whom?
Aim: Grinder (severely wounded)
You hit Grinder but do no damage.
Grinder says, "Mostly I couldn't keep them alive."
Grinder barely misses you.
Attack whom?
Aim: Grinder (severely wounded)
You closely miss Grinder. Grinder hits you but does no damage.
Unknown command.
Attack whom?
Aim: Grinder (severely wounded)
You barely miss Grinder. Grinder gestures at you.
Pain shoots through your body!
* * * LOW HITPOINT WARNING * * *
You take 6 damage, and have 9/38 hp.
Attack whom?
Aim: Grinder (severely wounded)
You hit Grinder. Grinder gestures at you.
You suddenly lose the ability to move!
Grinder gestures at you. Pain shoots through your body!
* * * LOW HITPOINT WARNING * * *
Grinder hits you.
You die...

#.# #.# #.# #.#
##.###### #.......#
#..####.# ####### #..#
#.# #.....#
####..####.#####@..?.#
.รท.............5.....#
####...###.#####.....#
.....##.# #.....#
#...###.# ###.###
#.......# .# ##.######
.# .# .# +#


You could see Grinder.

Vanquished Creatures
  Terence (D:2)
  Natasha (twice) (D:2)
  A worm (D:2)
  4 dart slugs
  A leopard gecko (D:1)
  6 bats
  2 giant cockroaches (D:1)
  5 goblins
  8 hobgoblins
  6 jackals
  5 kobolds
  A frilled lizard (D:1)
  2 rats (D:1)
44 creatures vanquished.

Notes
Turn   | Place    | Note
-------+----------+-------------------------------------------
     0 | D:1      | Firecrotchwizard the Merfolk Gladiator began the quest for the Orb.
     0 | D:1      | Reached XP level 1. HP: 16/16 MP: 1/1
    55 | D:1      | Reached skill level 5 in Polearms
   115 | D:1      | Reached XP level 2. HP: 21/22 MP: 2/2
   400 | D:1      | Reached XP level 3. HP: 21/27 MP: 3/3
   481 | D:1      | Reached skill level 6 in Polearms
   709 | D:2      | Noticed Terence
   723 | D:2      | Killed Terence
   925 | D:2      | Reached XP level 4. HP: 33/33 MP: 4/4
   928 | D:2      | Reached skill level 7 in Polearms
  1001 | D:2      | Noticed Natasha
  1024 | D:2      | Killed Natasha
  1424 | D:2      | Noticed Natasha
  1436 | D:2      | Killed Natasha
  1436 | D:2      | Reached skill level 8 in Polearms
  1436 | D:2      | Reached XP level 5. HP: 18/38 MP: 5/5
  1782 | D:3      | Noticed Grinder
  1786 | D:3      | Paralysed by Grinder for 5 turns
  1804 | D:3      | Paralysed by Grinder for 3 turns
  1812 | D:3      | HP: 9/38 [Grinder/nerve-wracking pain (6)]
  1813 | D:3      | Paralysed by Grinder for 3 turns
  1814 | D:3      | HP: 3/38 [Grinder/nerve-wracking pain (6)]
  1815 | D:3      | Slain by Grinder

Vault maps used:
D:1:      lightli_arrival_noodles
D:2:      first_bread, uniq_natasha, uniq_terence
D:3:      gammafunk_temple_overflow_statue, supply_closet_lemuel,
          grunt_ashenzari_visionary, uniq_grinder

Skill      XL: |  1  2  3  4 |
---------------+-------------+-----
Polearms       | 5 6 8 |  8.2
Fighting       | |  2.1
Throwing       | |  2.0
Dodging        | |  4.0

Action                   |  1- 3 |  4- 6 || total
-------------------------+-------+-------++-------
Melee: Trident           |    83 |   110 ||   193
 Stab: Sleeping          |     2 |       ||     2
  Eat: Chunk             |       |     3 ||     3
Armor: Leather armour    |     2 |       ||     2
       Chain mail        |    25 |    49 ||    74
Dodge: Dodged            |    27 |    38 ||    65

Vault maps used:
D:1:      lightli_arrival_noodles
D:2:      first_bread, uniq_natasha, uniq_terence
D:3:      gammafunk_temple_overflow_statue, supply_closet_lemuel,
          grunt_ashenzari_visionary, uniq_grinder

Table legend:
 A = Turns spent in this place as a percentage of turns spent in the entire game.
 B = Non-inter-level travel turns spent in this place as a percentage of non-inter-level travel turns spent in the entire game.
 C = Inter-level travel turns spent in this place as a percentage of turns spent in this place.
 D = Turns resting spent in this place as a percentage of non-inter-level travel turns spent in this place.
 E = Turns spent auto-exploring this place as a percentage of non-inter-level travel turns spent in this place.
 F = Non-inter-level travel turns spent in this place divided by the number of levels of this place that you've seen.
                   A       B       C       D       E      F
               +-------+-------+-------+-------+-------+----------------------
         Total | 100.0 | 100.0 |   1.4 |   3.0 |  14.0 | 145.0
       Dungeon | 100.0 | 100.0 |   1.4 |   3.0 |  14.0 | 145.0
               +-------+-------+-------+-------+-------+----------------------

Table legend:
 A = Kills in this place as a percentage of kills in entire the game.
 B = Kills by you in this place as a percentage of kills by you in the entire game.
 C = Kills by friends in this place as a percentage of kills by friends in the entire game.
 D = Other kills in this place as a percentage of other kills in the entire game.
 E = Experience gained in this place as a percentage of experience gained in the entire game.
 F = Experience gained in this place divided by the number of levels of this place that you have seen.
                   A       B       C       D       E      F
               +-------+-------+-------+-------+-------+----------------------
         Total | 100.0 | 100.0 |  -nan |  -nan | 100.0 |  64.0
       Dungeon | 100.0 | 100.0 |  -nan |  -nan | 100.0 |  64.0
               +-------+-------+-------+-------+-------+----------------------
